 Dungeon Crawl Stone Soup version 0.23.2-33-g5129a83184 (webtiles) character file.

Game seed: 12723174497900210654

53 DildoBatman the Magician (level 4, -3/30 HPs)
             Began as a Formicid Wizard on July 9, 2019.
             Slain by a hobgoblin
             ... wielding a cursed +0 club
              (5 damage)
             ... on level 2 of the Dungeon.
             The game lasted 00:02:59 (1274 turns).

DildoBatman the Magician (Formicid Wizard)          Turns: 1274, Time: 00:03:00

Health: -3/30      AC:  2    Str: 12    XL:     4   Next: 10%
Magic:  8/8        EV: 12    Int: 18    God:
Gold:   28         SH:  0    Dex:  9    Spells: 2/9 levels left

rFire    . . .     SeeInvis +   g - +0 club
rCold    . . .     Gourm    .   (no shield)
rNeg     . . .     Faith    .   a - +0 robe
rPois    .         Spirit   .   (helmet unavailable)
rElec    .         Reflect  .   (no cloak)
rCorr    .         Harm     .   (no gloves)
MR       .....                  (no boots)
Stlth    ++........             m - amulet of magic regeneration
HPRegen  0.10/turn              f - ring of wizardry
MPRegen  0.36/turn              (no ring)

@: no status effects
A: permanent stasis, dig shafts and tunnels, four strong arms, antennae 3
a: Dig, Shaft Self


You were on level 2 of the Dungeon.
You were not hungry.

You visited 1 branch of the dungeon, and saw 2 of its levels.

You collected 28 gold pieces.

Inventory:

Hand Weapons
 g - a +0 club (weapon)
Missiles
 c - 38 bolts
 l - 8 stones (quivered)
 n - 17 arrows
Armour
 a - a +0 robe (worn)
 i - a cursed +0 ring mail
Jewellery
 f - a ring of wizardry (left hand)
 m - an amulet of magic regeneration (around neck)
Scrolls
 b - 4 scrolls of teleportation {unknown}
 e - a scroll of fear {unknown}
 j - a scroll of blinking {unknown}
 k - 2 scrolls of enchant armour {unknown}
 o - a scroll of remove curse {unknown}
 p - a scroll of enchant weapon {unknown}
 s - 2 scrolls of identify {unknown}
Potions
 h - a potion of haste {unknown}
 q - 2 potions of heal wounds {unknown}
 r - a potion of curing {unknown}
 t - a potion of degeneration {unknown}
 u - a potion of mutation {unknown}
Comestibles
 d - 5 chunks of flesh
 v - 4 rations


   Skills:
 - Level 1.7 Dodging
 - Level 2.4 Stealth
 - Level 3.2 Spellcasting
 * Level 3.2 Conjurations
   Level 1.0 Summonings
   Level 0.8 Translocations


You had 2 spell levels left.
You knew the following spells:

 Your Spells              Type           Power        Failure   Level  Hunger
a - Conjure Flame         Conj/Fire      #.......     10%         3    ###....
c - Magic Dart            Conj           ##..         1%          1    None
e - Mephitic Cloud        Conj/Pois/Air  #.......     12%         3    ###....

Your spell library contained the following spells:

 Spells                   Type           Power        Failure   Level  Hunger
 Call Imp                 Summ           #.......     6%          2    ##.....
 Slow                     Hex            #.......     10%         2    ##.....
 Blink                    Tloc           Unusable     N/A         2    N/A

Dungeon Overview and Level Annotations

Branches:
Dungeon (2/15)

Altars:


Innate Abilities, Weirdness & Mutations

You cannot be hasted, slowed, berserked, paralysed or teleported.
You can dig through walls and to a lower floor.
Your four strong arms can wield two-handed weapons with a shield.
You have a pair of large antennae on your head. (SInv)


Message History

Anything else - Cancel.
You shout for attention!
The hobgoblin barely misses you. What are your orders? t - Shout!
Orders for allies: a - Attack new target. r - Retreat! s - Stop attacking. g - Guard the area. f - Follow me.
Anything else - Cancel.
You shout for attention!
The hobgoblin closely misses you. What are your orders? t - Shout!
Orders for allies: a - Attack new target. r - Retreat! s - Stop attacking. g - Guard the area. f - Follow me.
Anything else - Cancel.
You shout for attention!
The hobgoblin hits you with a cursed +0 club.
You die...

....#.#
......#
..#. #
##..### #
#... .#
##..#
#.#..# ..
##..#######
.#..##.
....#.....#
.....
###.#.....#
..$ #
#.......#
#g# #
###.>...#
#@# #
#.....# #.#
# ####### #
#[# # ####
#.##.##.#
...#
#.......#
##.#
#####.####
##.###
#.....#
.....#
#.#####
##.#.#
##.##


You could see a hobgoblin.

Vanquished Creatures
  2 adders (D:2)
  A worm (D:2)
  A leopard gecko (D:2)
  2 bats (D:1)
  5 giant cockroaches
  3 goblins (D:1)
  3 hobgoblins (D:1)
  5 jackals (D:1)
  A ball python (D:1)
  2 frilled lizards (D:1)
  A kobold (D:1)
  4 rats (D:1)
30 creatures vanquished.

Notes
Turn   | Place    | Note
-------+----------+-------------------------------------------
     0 | D:1      | DildoBatman the Formicid Wizard began the quest for the
                  | Orb.
     0 | D:1      | Reached XP level 1. HP: 13/13 MP: 4/4
    39 | D:1      | Reached skill level 1 in Conjurations
   146 | D:1      | Reached XP level 2. HP: 10/19 MP: 0/6
   614 | D:1      | Reached XP level 3. HP: 19/24 MP: 3/7
   619 | D:1      | Learned a level 3 spell: Conjure Flame
   623 | D:1      | Learned a level 3 spell: Mephitic Cloud
  1226 | D:2      | Reached XP level 4. HP: 26/30 MP: 4/8
  1274 | D:2      | Slain by a hobgoblin

Skill      XL: |  1  2  3 |
---------------+----------+-----
Conjurations   | 1 2 3 |  3.2
Dodging        | |  1.7
Stealth        | |  2.4
Spellcasting   | |  3.2
Summonings     | |  1.0
Translocations | |  0.8

Action                   |  1- 3 |  4- 6 || total
-------------------------+-------+-------++-------
Melee: Club              |    21 |     2 ||    23
       Unarmed           |    11 |       ||    11
 Cast: Magic Dart        |    85 |     1 ||    86
 Abil: Dig               |     3 |       ||     3
  Eat: Chunk             |     1 |       ||     1
Armor: Robe              |    10 |     1 ||    11
Dodge: Dodged            |    43 |    16 ||    59
